 Dungeon Crawl Stone Soup version 0.29.1-15-g9cfb28693d (webtiles) character file.

Game seed: 5835687342722172031

391 BuddhaDhamma the Cleaver (level 6, 0/51 HPs)
             Began as a Minotaur Berserker on Mar 20, 2023.
             Was a Believer of Trog.
             Slain by a gnoll
             ... wielding a +0 spear
              (4 damage)
             ... on level 4 of the Dungeon.
             The game lasted 00:04:56 (3599 turns).

BuddhaDhamma the Cleaver (Minotaur Berserker)       Turns: 3599, Time: 00:04:57

Health: 0/51       AC: 16    Str: 23    XL:     6   Next: 50%
Magic:  5/5        EV:  7    Int:  4    God:    Trog [**....]
Gold:   193        SH:  0    Dex: 10    Spells: 5/5 levels left

rFire   . . .      SeeInvis .   q - +0 war axe
rCold   . . .      Faith    .   (no shield)
rNeg    . . .      Spirit   .   k - +0 plate armour
rPois   .          Reflect  .   (helmet restricted)
rElec   .          Harm     .   b - +2 cloak
rCorr   .          Rampage  .   t - +0 pair of gloves
Will    .....                   e - +0 pair of boots
Stlth   ..........              (no amulet)
HPRegen 0.17/turn               (no ring)
MPRegen 0.09/turn               (no ring)

@: on berserk cooldown, slowed, very slow
A: horns 2, retaliatory headbutt
a: Renounce Religion, Berserk, Trog's Hand


You were on level 4 of the Dungeon.
You worshipped Trog.
Trog was pleased with you.
You visited 1 branch of the dungeon, and saw 4 of its levels.

You collected 193 gold pieces.

Inventory:

Hand Weapons
 q - a +0 war axe (weapon)
Missiles
 s - 3 javelins (quivered)
Armour
 b - a +2 cloak (worn)
 e - a +0 pair of boots (worn)
 k - a +0 plate armour (worn)
 t - a +0 pair of gloves (worn)
Jewellery
 c - a ring of magical power
Wands
 m - a wand of polymorph (1)
Scrolls
 a - a scroll of fear {unknown}
 d - a scroll of identify
 h - a scroll of brand weapon {unknown}
 j - a scroll of noise
Potions
 f - a potion of berserk rage
 g - 2 potions of degeneration
 i - a potion of invisibility
 n - a potion of might
 o - a potion of heal wounds {unknown}
 p - a potion of resistance {unknown}
 r - a potion of curing {unknown}


   Skills:
 - Level 3.6 Fighting
 + Level 8.9 Axes
 - Level 2.4 Armour
 - Level 2.1 Dodging


You had 5 spell levels left.
You didn't know any spells.
Your spell library was empty.

Dungeon Overview and Level Annotations

Branches:
Dungeon (4/15)
 Temple: D:4-7

Altars:
Dithmenos
Hepliaklqana
Makhleb
Xom

Annotations:
D:4 Natasha


Innate Abilities, Weirdness & Mutations

You have a pair of horns on your head.
You reflexively headbutt those who attack you in melee.


Message History

You headbutt the gnoll. Natasha claws you. The gnoll barely misses you.
The gnoll hits you from afar with a +0 spear.
Natasha zaps a wand.
The puff of flame hits you. The gnoll barely misses you.
The gnoll hits you with a +0 whip. The gnoll hits you but does no damage.
Natasha casts a spell at you.
You feel as though you will be slow longer.
The gnoll hits you from afar with a +0 halberd.
The gnoll hits you but does no damage. x2; Natasha zaps a wand.
The puff of flame hits you!
The gnoll hits you but does no damage. x2; Natasha zaps a wand.
The puff of flame hits you but does no damage.
The gnoll barely misses you. The gnoll hits you but does no damage.
Natasha barely misses you.
You see here 12 gold pieces.
The gnoll hits you but does no damage. The gnoll barely misses you.
You furiously retaliate!
You headbutt the gnoll! The gnoll hits you but does no damage.
Natasha claws you but does no damage.
You see here a scroll labelled SETHRO AZOE.
You barely miss the gnoll.
The gnoll is heavily wounded.
You hit the gnoll but do no damage. You slash Natasha!
You hit the gnoll but do no damage. The gnoll hits you with a +0 halberd.
* * * LOW HITPOINT WARNING * * *
The gnoll hits you but does no damage. x2; Natasha zaps a wand.
The puff of flame hits you.
* * * LOW HITPOINT WARNING * * *
The gnoll hits you but does no damage. The gnoll hits you with a +0 whip.
* * * LOW HITPOINT WARNING * * *
The gnoll hits you with a +0 halberd.
* * * LOW HITPOINT WARNING * * *
Natasha claws you.
* * * LOW HITPOINT WARNING * * *
You hit the gnoll but do no damage.
The gnoll is heavily wounded.
You hit the gnoll. You barely miss Natasha. You hit the gnoll.
The gnoll hits you but does no damage. The gnoll hits you with a +0 whip.
* * * LOW HITPOINT WARNING * * *
The gnoll hits you with a +0 spear.
You die...

.... ####.# #.#
..... ..##.# #.#
..... #.##.# #.#
.....####.##.#
#.#
........#.##.#
#.#
...(....#.##.#
#.#
..........##.#
#.#
......g$g.##.#
#.#
......(@h.##.#
#.#
.......g).##.#
#.#
........#..#.#
#.#
..$.....#....#
#.#
.########.#..#
#.#
#.#...########.#
#.##.........#.#
#.##..###.##...#
..##..##<.###..#


You could see Natasha and 3 gnolls.

Vanquished Creatures
  A scorpion (D:4)
  A crimson imp (D:4)
  Jessica (D:3)
  An iguana (D:3)
  Natasha (twice) (D:4)
  2 orc wizards (D:3)
  4 gnolls
  5 adders
  3 worms
  2 dart slugs (D:1)
  6 orcs
  3 ball pythons
  6 bats
  3 endoplasms
  3 goblins
  2 hobgoblins
  3 jackals (D:2)
  2 kobolds (D:1)
  2 quokkas
  A frilled lizard (D:1)
  4 rats (D:3)
57 creatures vanquished.

Notes
Turn   | Place    | Note
-------+----------+-------------------------------------------
     0 | D:1      | BuddhaDhamma the Minotaur Berserker began the quest for the
                  | Orb.
     0 | D:1      | Reached XP level 1. HP: 19/19 MP: 0/0
   189 | D:1      | Reached skill level 4 in Axes
   290 | D:1      | Reached XP level 2. HP: 26/26 MP: 1/1
   454 | D:1      | Found a faded altar of an unknown god.
   933 | D:2      | Reached skill level 5 in Axes
  1041 | D:2      | Reached XP level 3. HP: 23/31 MP: 2/2
  1307 | D:2      | Reached skill level 6 in Axes
  1307 | D:2      | Reached XP level 4. HP: 36/39 MP: 3/3
  1980 | D:3      | Noticed Jessica
  2002 | D:3      | Killed Jessica
  2116 | D:3      | Reached ** piety under Trog
  2117 | D:3      | Reached skill level 7 in Axes
  2117 | D:3      | Reached XP level 5. HP: 45/45 MP: 4/4
  2574 | D:3      | Found a hazy altar of Hepliaklqana.
  2575 | D:3      | Found a shadowy altar of Dithmenos.
  2575 | D:3      | Noticed a shadow
  3142 | D:4      | Reached skill level 8 in Axes
  3142 | D:4      | Reached XP level 6. HP: 41/51 MP: 5/5
  3306 | D:4      | Noticed Natasha
  3314 | D:4      | Killed Natasha
  3376 | D:4      | Found a burning altar of Makhleb.
  3377 | D:4      | Found a shimmering altar of Xom.
  3541 | D:4      | Noticed Natasha
  3548 | D:4      | Killed Natasha
  3584 | D:4      | Noticed Natasha
  3599 | D:4      | Slain by a gnoll

Illustrated notes

Levels and vault maps discovered:
D:1:      dpeg_arrival_concentric_ovals, layout_basic,
          hellmonk_ecumenical_altar_crossroads, minmay_misc_feat_iff
D:2:      layout_loops_cross, minmay_misc_feat_x, st_stairs_13
D:3:      layout_basic, riverfiend_overflow_shadow_ancestor,
          kennysheep_generic_room_5, uniq_jessica
D:4:      layout_basic, grunt_temple_overflow_champion_of_chaos, uniq_natasha

Skill      XL: |  1  2  3  4  5 |
---------------+----------------+-----
Axes           | 4 5 6 7 8 |  8.9
Fighting       | |  3.6
Armour         | |  2.4
Dodging        | |  2.1

Action                   |  1- 3 |  4- 6 || total
-------------------------+-------+-------++-------
Melee: Hand axe          |    50 |    45 ||    95
       Headbutt          |     9 |    13 ||    22
       War axe           |       |    32 ||    32
       Punch             |       |     1 ||     1
Throw: Javelin           |       |     3 ||     3
Invok: Berserk           |       |     2 ||     2
  Use: Scroll            |       |     8 ||     8
Armor: Animal skin       |    15 |       ||    15
       Plate armour      |     9 |    54 ||    63
Dodge: Dodged            |    27 |    31 ||    58
